 Dungeon Crawl Stone Soup version 0.31-a0-986-g5e6e4ef867 (webtiles) character file.

Game seed: 16595350336586668454

23 dialectric the Sneak (level 2, 0/14 HPs)
             Began as a Felid Delver on Nov 19, 2023.
             Slain by Sigmund
             ... wielding a +0 scythe
              (12 damage)
             ... on level 3 of the Dungeon.
             The game lasted 00:01:07 (318 turns).

dialectric the Sneak (Felid Delver)                  Turns: 318, Time: 00:01:08

Health: 0/14       AC:  1    Str:  8    XL:     2   Next: 72%
Magic:  3/3        EV: 17    Int: 11    God:
Gold:   56         SH:  0    Dex: 17    Spells: 1/1 levels left
                                        Lives:  0   Deaths: 1

rFire   . .          .
                       - Unarmed
rCold   . . .        (shield unavailable)
rNeg    . . .        (body armour unavailable)
rPois   .            (helmet unavailable)
rElec   .            (cloak unavailable)
rCorr   .            (gloves unavailable)
SInv    +            (boots unavailable)
Will    .....        (no amulet)
Stlth   ++++         (no ring)
HPRegen 0.22/turn    (no ring)
MPRegen 0.08/turn

%: no passive effects
@: quick
A: very small, claws 1, fangs 3, see invisible, speed 1, shaggy fur 1, stealthy
paws, no weapons or thrown items, no armour, multi-lived
a: no special abilities


You were on level 3 of the Dungeon.
You visited 1 branch of the dungeon, and saw 3 of its levels.

You collected 56 gold pieces.

Inventory:

Missiles
 j - 3 curare-tipped darts
Jewellery
 f - a +6 ring of strength
Talismans
 n - a dragon-blood talisman
 o - a blade talisman
Wands
 e - a wand of digging (3)
 h - a wand of acid (9)
Scrolls
 a - a scroll of fog
 b - a scroll of revelation
 c - a scroll of fear
 g - a scroll of noise {unknown}
 k - a scroll of enchant weapon {unknown}
Potions
 d - a potion of haste
 i - a potion of might
 l - a potion of curing {unknown}
 m - a potion of ambrosia


   Skills:
 + Level 3.1 Fighting
 + Level 2.7 Dodging
 + Level 7.5 Stealth
 + Level 2.1 Unarmed Combat


You had one spell level left.
You didn't know any spells.
Your spell library contained the following spells:

 Spells                   Type           Power      Damage    Failure   Level
 Tukima's Dance           Hex            0%         N/A       71%         3
 Iskenderun's Mystic Bla  Conj/Tloc      0%         2d3       98%         4
 Dimensional Bullseye     Hex/Tloc       Unusable   N/A       N/A         4

Dungeon Overview and Level Annotations

Branches:
Dungeon (5/15)
 Temple: D:4-7

Altars:
Gozag
Kikubaaqudgha
Nemelex Xobeh

Shops:
D:3 =   D:4 *

Annotations:
D:3 Sigmund


Innate Abilities, Weirdness & Mutations

You have sharp claws.
You have razor-sharp teeth.
You have supernaturally acute eyesight. (SInv)
You cover ground quickly. (Speed+)
You are covered in fur. (AC +1)
Your paws help you pounce on unaware monsters.
You are incapable of wielding weapons or throwing items.
You cannot wear armour.
You gain extra lives every three experience levels.


Message History

Found a sparkling altar of Nemelex Xobeh.
There is a fountain of clear blue water here.
There is a sparkling altar of Nemelex Xobeh here.
You open the gate.
There is an open gate here.
Found a stone staircase leading down.
A giant cockroach comes into view.
A giant cockroach is nearby!
You see here 15 gold pieces.
A giant cockroach is nearby!
You enter the shallow water.
Moving in this stuff is going to be slow.
Sigmund the Dreaded comes into view.
He is wielding a +0 scythe.
Found a book of the Senses.
You closely miss the giant cockroach. Your bite misses the giant cockroach.
The giant cockroach splashes around in the water.
You scratch the giant cockroach.
The giant cockroach is almost dead.
The giant cockroach barely misses you.
You scratch the giant cockroach.
You kill the giant cockroach!
You enter the shallow water.
Moving in this stuff is going to be slow.
You see here a giant cockroach corpse.
An orc comes into view.
It is wielding a +0 short sword. 2 orcs come into view. 2 orcs come into view.
Found a halberd and a book of Callings.
The orc shouts! x3; Sigmund shouts!
The orc shouts!
Sigmund hits you from afar with a +0 scythe.
You scratch Sigmund.
Sigmund is moderately wounded.
Sigmund completely misses you. The orc closely misses you.
You barely miss Sigmund.
Sigmund is moderately wounded.
The orc closely misses you. Sigmund hits you with a +0 scythe!
Ouch! That really hurt!
You die...
Sigmund begins carving another notch in his scythe.

#≈.≈...~~~~.....#
###~..~~≈..~≈$#####
..~~..≈.≈~≈~##
#~≈..~.~†.~#
#~~~.≈~.#≈~#
#.♣.....#.~#
#.~....♣#≈##
#....###### #.o@o#
#.@.o# #..oo#
#....# #..:.#
######


You could see Sigmund and 5 orcs.

Vanquished Creatures
  5 orcs (D:4)
  2 giant cockroaches
  2 hobgoblins
  4 jackals (D:3)
  A kobold (D:4)
14 creatures vanquished.

Notes
Turn   | Place    | Note
-------+----------+-------------------------------------------
     0 | D:5      | dialectric the Felid Delver began the quest for the Orb.
     0 | D:5      | Reached XP level 1. HP: 10/10 MP: 2/2
     6 | D:5      | Noticed an iguana
     6 | D:5      | Noticed a scorpion
     7 | D:5      | Found an ancient bone altar of Kikubaaqudgha.
    20 | D:5      | Succumbed to a scorpion's poison
    25 | D:5      | Noticed a sleepcap
    28 | D:5      | Noticed a scorpion
    32 | D:4      | Found Yrhaaf's General Store.
    32 | D:4      | Found an opulent altar of Gozag.
   150 | D:4      | Identified the +1 robe of the Fife {+Inv rN+ MP+9 Slay+4}
   194 | D:4      | Reached skill level 7 in Stealth
   194 | D:4      | Reached XP level 2. HP: 14/14 MP: 3/3
   217 | D:3      | Found Immob's Jewellery Emporium.
   266 | D:3      | Found a sparkling altar of Nemelex Xobeh.
   307 | D:3      | Noticed Sigmund
   318 | D:3      | Slain by Sigmund

Illustrated notes

Levels and vault maps discovered:
D:3:      layout_basic, nemelex_altar_shiori, serial_rivers,
          chequers_serial_rivers_marsh, chequers_serial_rivers_large_a,
          chequers_serial_rivers_micro_c, chequers_serial_rivers_micro_d,
          chequers_serial_rivers_micro_d, chequers_serial_rivers_marsh,
          serial_shops, shop, uniq_terence, uniq_grinder, uniq_natasha,
          uniq_sigmund
D:4:      layout_rooms, chequers_temple_overflow_minitemple,
          nicolae_gozag_seed_capital, serial_shops,
          nicolae_shop_real_fake_doors, shop, chequers_serial_rivers_small_a,
          minmay_ruined_shrine
D:5:      layout_basic, mainiacjoe_overflow_catwalk_spiral,
          minmay_temple_entry_overgrown, serial_shops,
          nicolae_shop_competitors_out_of_business, hex_intersection,
          kennysheep_diamond, minmay_strange_pillars, uniq_pikel

Skill      XL: |  1 |
---------------+----+-----
Stealth        | 7 |  7.5
Fighting       | |  3.1
Dodging        | |  2.7
Unarmed Combat | |  2.1

Action                     || total
---------------------------++-------
  Melee: Unarmed           ||    29
         Punch             ||     2
    Use: Potion            ||     2
   Stab: Sleeping          ||     1
 Armour: Skin              ||    14
  Dodge: Dodged            ||    32

Table legend: (Time is in decaauts)
 A = Elapsed time spent in this place.
 B = Non-inter-level travel time spent in this place.
 C = Inter-level travel time spent in this place.
 D = Time resting spent in this place.
 E = Time spent auto-exploring this place.
 F = Levels seen in this place.
 G = Mean time per level.
                   A        B        C        D        E       F      G
               +--------+--------+--------+--------+--------+-----+--------+
         Total |    270 |    270 |      0 |      0 |    106 |   3 |   90.0 |
       Dungeon |    270 |    270 |      0 |      0 |    106 |   3 |   90.0 |
               +--------+--------+--------+--------+--------+-----+--------+

Top non-repeatable levels by time:
     D:4: 155 daAuts
     D:3: 88 daAuts
     D:5: 26 daAuts
